 Dungeon Crawl Stone Soup version 0.32-a0-39-g5c88369fb2 (webtiles) character file.

Game seed: 8661155726949671802

127 YordlordTheGreat the Cudgeller (level 5, 0/38 HPs)
             Began as a Human Warper on Jan 29, 2024.
             Slain by a +5 mace "Xanedghe" {spect, rC+} (10 damage)
             ... created by a goblin
             ... on level 3 of the Dungeon.
             The game lasted 00:04:18 (2408 turns).

YordlordTheGreat the Cudgeller (Human Warper)       Turns: 2408, Time: 00:04:19

Health: 0/38       AC:  9    Str: 13    XL:     5   Next: 11%
Magic:  9/9        EV: 11    Int: 13    God:
Gold:   86         SH:  0    Dex: 13    Spells: 4/9 levels left

rFire   . . .        a - +0 mace
rCold   . . .        (no shield)
rNeg    . . .        b - +0 leather armour
rPois   +            (no helmet)
rElec   .            e - +0 cloak
rCorr   .            n - +2 pair of gloves
SInv    .            k - +1 pair of boots {Fly}
Will    .....        (no amulet)
Stlth   +            l - ring of poison resistance
HPRegen 0.26/turn    (no ring)
MPRegen 0.11/turn

%: no passive effects
@: flying
A: explore regen
a: no special abilities


You were on level 3 of the Dungeon.
You visited 1 branch of the dungeon, and saw 3 of its levels.

You collected 86 gold pieces.

Inventory:

Hand Weapons
 a - a +0 mace (weapon)
Missiles
 d - 7 darts of dispersal (quivered)
 h - 6 poisoned darts
 r - 3 curare-tipped darts
Armour
 b - a +0 leather armour (worn)
 e - a +0 cloak (worn)
 k - a +1 pair of boots of flying (worn)
 n - a +2 pair of gloves (worn)
Jewellery
 l - a ring of poison resistance (left hand)
Scrolls
 c - 2 scrolls of blinking
 g - 3 scrolls of teleportation {unknown}
 j - a scroll of poison {unknown}
 m - a scroll of revelation {unknown}
 p - 3 scrolls of immolation {unknown}
 q - a scroll of identify {unknown}
 s - a scroll of fog {unknown}
 t - a scroll of brand weapon {unknown}
Potions
 f - a potion of ambrosia {unknown}
 i - a potion of cancellation {unknown}
 o - a potion of resistance {unknown}
 u - 2 potions of mutation {unknown}
 v - a potion of heal wounds {unknown}


   Skills:
 - Level 2.0 Fighting
 * Level 3.9 Maces & Flails
 - Level 1.0 Throwing
 - Level 1.0 Armour
 - Level 2.0 Dodging
 + Level 2.8 Spellcasting
 + Level 3.7 Translocations


You had 4 spell levels left.
You knew the following spells:

 Your Spells              Type           Power      Damage    Failure   Level
a - Blink                 Tloc           22%        N/A       10%         2
b - Teleport Other        Tloc           11%        N/A       19%         3

Your spell library contained the following spells:

 Spells                   Type           Power      Damage    Failure   Level
 Lesser Beckoning         Tloc           22%        N/A       10%         2
 Manifold Assault         Tloc           11%        N/A       52%         4
 Summon Ice Beast         Ice/Summ       1%         N/A       65%         3
 Vhi's Electric Charge    Tloc/Air       12%        N/A       80%         4
 Summon Mana Viper        Hex/Summ       1%         N/A       100%        5
 Monstrous Menagerie      Summ           0%         N/A       100%        7


Dungeon Overview and Level Annotations

Branches:
Dungeon (3/15)

Altars:
Okawaru
Wu Jian


Innate Abilities, Weirdness & Mutations

You regain HP and MP as you explore.


Message History

The kobold closely misses you.
You hit the kobold but do no damage.
The kobold is severely wounded.
The kobold closely misses you.
You hit the kobold.
You kill the kobold!
Things that are here:
a +0 dagger; a kobold corpse
There is a stone staircase leading down here.
You start resting.
Magic restored.
You fly downwards.
There is a stone staircase leading up here.
HP restored.
Things that are here:
a +0 robe; a +0 club
Found 5 boomerangs.
You now have 86 gold pieces (gained 4).
You see here 5 boomerangs.
The goblin shouts!
You hear a shout!
A goblin is nearby!
The goblin hits you with the +5 mace "Xanedghe" {spect, rC+}.
The +5 mace "Xanedghe" {spect, rC+} misses you.
A +5 mace "Xanedghe" {spect, rC+} comes into view.
You closely miss the +5 mace "Xanedghe" {spect, rC+}.
The goblin hits you but does no damage.
The +5 mace "Xanedghe" {spect, rC+} hits you.
You hit the +5 mace "Xanedghe" {spect, rC+}.
The goblin shares its spectral weapon's damage!
The +5 mace "Xanedghe" {spect, rC+} is lightly damaged.
The goblin closely misses you.
The +5 mace "Xanedghe" {spect, rC+} hits you.
The goblin hits you with the +5 mace "Xanedghe" {spect, rC+}!
The +5 mace "Xanedghe" {spect, rC+} hits you!
* * * LOW HITPOINT WARNING * * *
You closely miss the goblin.
The goblin is severely wounded.
The goblin hits you but does no damage.
The +5 mace "Xanedghe" {spect, rC+} hits you!
You die...

#.## .# #.....<.###..o..
#..#### .# #.####### #..###
##....# #.# #.# ##...#
####.###..# #o# #.#.#
#..#..####.# #.#)# ##...##....#
# ..#.. ###..#.)..# #.#####.
#...(g..# #. #. ##.#..@### #.#
## #..#...## #..## # #)#..#..#
#..# ##.#.###.##########.####
#....# #.##.............
###...####..(...######.###
######............##......<..##
#.........#################..[.
#................ ..........


You could see a +5 mace "Xanedghe" {spect, rC+}, an orc and a goblin.

Vanquished Creatures
  Jessica (D:3)
  3 adders
  A ribbon worm (D:2)
  2 orcs (D:3)
  7 ball pythons
  6 bats
  5 endoplasms
  5 giant cockroaches
  3 goblins
  5 hobgoblins
  4 quokkas
  4 frilled lizards
  15 kobolds
  5 rats
66 creatures vanquished.

Notes
Turn   | Place    | Note
-------+----------+-------------------------------------------
     0 | D:1      | YordlordTheGreat the Human Warper began the quest for the
                  | Orb.
     0 | D:1      | Reached XP level 1. HP: 16/16 MP: 3/3
   258 | D:1      | Reached XP level 2. HP: 21/22 MP: 5/5
   261 | D:1      | Learned a level 2 spell: Blink
   535 | D:1      | Found a faded altar of an unknown god.
   640 | D:1      | Reached XP level 3. HP: 27/27 MP: 6/6
  1513 | D:2      | Reached XP level 4. HP: 33/33 MP: 7/7
  1566 | D:2      | Found an iron altar of Okawaru.
  1775 | D:3      | Noticed Jessica
  1792 | D:3      | Killed Jessica
  1891 | D:3      | Found an ornate altar of the Wu Jian Council.
  2158 | D:3      | Reached XP level 5. HP: 28/38 MP: 9/9
  2166 | D:3      | Learned a level 3 spell: Teleport Other
  2277 | D:3      | Identified the +5 mace "Xanedghe" {spect, rC+}
  2408 | D:3      | Slain by a +5 mace "Xanedghe" {spect, rC+}

Illustrated notes

Levels and vault maps discovered:
D:1:      sevenhm_arrival_forest_fort_small_4, layout_loops_ring,
          ebering_ecumenical_altar_webs, chequers_serial_rivers_micro_a
D:2:      layout_loops_ring, basic_altar, chequers_big_river
D:3:      minmay_octagon_keep, layout_rooms,
          mainiacjoe_overflow_small_starburst, uniq_jessica

Skill      XL: |  1  2  3 |
---------------+----------+-----
Maces & Flails | 3 |  3.9
Fighting       | |  2.0
Throwing       | |  1.0
Armour         | |  1.0
Dodging        | |  2.0
Spellcasting   | |  2.8
Translocations | |  3.7

Action                     |  1- 3 |  4- 6 || total
---------------------------+-------+-------++-------
  Melee: Mace              |   143 |    99 ||   242
         Punch             |     2 |     1 ||     3
   Cast: Teleport Other    |       |     2 ||     2
         Blink             |       |     2 ||     2
 Armour: Leather armour    |    76 |    85 ||   161
  Dodge: Dodged            |   100 |    78 ||   178

Table legend: (Time is in decaauts)
 A = Elapsed time spent in this place.
 B = Non-inter-level travel time spent in this place.
 C = Inter-level travel time spent in this place.
 D = Time resting spent in this place.
 E = Time spent auto-exploring this place.
 F = Levels seen in this place.
 G = Mean time per level.
                   A        B        C        D        E       F      G
               +--------+--------+--------+--------+--------+-----+--------+
         Total |   2473 |   2405 |     68 |     21 |   1738 |   3 |  824.3 |
       Dungeon |   2473 |   2405 |     68 |     21 |   1738 |   3 |  824.3 |
               +--------+--------+--------+--------+--------+-----+--------+

Top non-repeatable levels by time:
     D:1: 960 daAuts
     D:2: 894 daAuts
     D:3: 618 daAuts
